 Dungeon Crawl Stone Soup version 0.29.0-11-gd7f09526c8 (webtiles) character file.

Game seed: 10098997908247914679

1225 RascalDebosk the Shooter (level 8, 0/65 (68) HPs)
             Began as a Minotaur Hunter on Sept 3, 2022.
             Slain by a wight
             ... wielding a +0 short sword
              (5 damage)
             ... on level 7 of the Dungeon.
             The game lasted 00:58:24 (6360 turns).

RascalDebosk the Shooter (Minotaur Hunter)          Turns: 6360, Time: 00:58:24

HP:   0/65 (68)     AC:  5    Str: 16    XL:     8   Next: 23%
MP:   7/7           EV: 13    Int:  6    God:
Gold: 214           SH:  0    Dex: 16    Spells: 7/7 levels left

rFire   . . .      SeeInvis .   u - +2 demon trident (drain)
rCold   + . .      Faith    .   (no shield)
rNeg    . . .      Spirit   .   c - +0 leather armour
rPois   .          Reflect  .   (helmet restricted)
rElec   .          Harm     .   s - +0 cloak
rCorr   .          Rampage  .   y - +0 pair of gloves
Will    .....                   (no boots)
Stlth   ++........              (no amulet)
HPRegen 0.20/turn               e - ring of flight
MPRegen 0.10/turn               t - ring of protection from cold

@: flying, lightly drained
A: horns 2, retaliatory headbutt
a: no special abilities


You were on level 7 of the Dungeon.
You visited 1 branch of the dungeon, and saw 7 of its levels.

You collected 214 gold pieces.

Inventory:

Hand Weapons
 a - a +0 shortbow
 u - a +2 demon trident of draining (weapon)
Missiles
 o - 3 poisoned darts
 v - 9 atropa-tipped darts
Armour
 c - a +0 leather armour (worn)
 s - a +0 cloak (worn)
 y - a +0 pair of gloves (worn)
Jewellery
 e - a ring of flight (left hand)
 t - a ring of protection from cold (right hand)
 z - a ring of willpower
Wands
 g - a wand of flame (19)
Scrolls
 b - 2 scrolls of immolation
 d - a scroll of poison
 i - 2 scrolls of teleportation
 l - 2 scrolls of fear
 q - 2 scrolls of amnesia
 B - a scroll of silence {unknown}
 E - a scroll of enchant weapon {unknown}
Potions
 f - 2 potions of resistance
 h - a potion of cancellation
 j - a potion of ambrosia
 k - a potion of lignification
 m - 2 potions of flight
 n - 2 potions of curing
 p - a potion of brilliance
 r - a potion of mutation {unknown}
 w - a potion of berserk rage {unknown}
 x - 3 potions of haste
 C - a potion of magic {unknown}
 D - a potion of degeneration


   Skills:
 + Level 5.2 Fighting
 + Level 3.5 Polearms
 + Level 6.0 Ranged Weapons
 + Level 4.7 Dodging
 + Level 3.3 Stealth
 * Level 4.5 Evocations


You had 7 spell levels left.
You didn't know any spells.
Your spell library contained the following spells:

 Spells                   Type           Power      Damage    Failure   Level
 Necrotise                Necr           0%         1d4       52%         1
 Vampiric Draining        Necr           0%         2d6       88%         3
 Agony                    Necr           0%         N/A       100%        5


Dungeon Overview and Level Annotations

Branches:
Dungeon (7/15)
 Temple: D:4-7

Altars:
Ashenzari
Uskayaw
Wu Jian

Shops:
D:1 (

Annotations:
D:5 2 transporters, BiteMe's ghost, amateur DsVM


Innate Abilities, Weirdness & Mutations

You have a pair of horns on your head.
You reflexively headbutt those who attack you in melee.


Message History

You kill the hound!
You hit the wight but do no damage.
The wight is moderately damaged.
The wight misses you.
You puncture the wight! Your headbutt misses the wight.
The wight is severely damaged.
The wight hits you with a +0 short sword.
You hit the wight but do no damage.
The wight hits you with a +3 great sword.
You hit the wight. Your headbutt misses the wight.
The wight is lightly damaged.
The wight hits you with a +3 great sword.
You feel drained.
You closely miss the wight.
The wight is lightly damaged.
The wight closely misses you. You furiously retaliate!
You headbutt the wight! You hit the wight.
The wight is severely damaged.
The wight hits you with a +3 great sword!
You feel drained.
You hit the wight.
The wight is almost destroyed.
A wight comes into view. It is wielding a +0 great sword.
The wight hits you but does no damage.
You puncture the wight!
You destroy the wight!
You hit the wight but do no damage.
The wight is severely damaged.
The wight completely misses you.
The wight hits you from afar with a +5 spear!
* * * LOW HITPOINT WARNING * * *
The wight hits you with a +0 short sword!
* * * LOW HITPOINT WARNING * * *
You feel drained.
* * * LOW HITPOINT WARNING * * *
The wight closely misses you.
You hit the wight. You headbutt the wight.
The wight is almost destroyed.
The wight hits you with a +0 short sword.
You die...

#...## #..........
#....###....>.....
####.#..............
......<..##..###.##
.........###...#.#
.....(...# ###...##
.........# ##...##
..<......# #....#
.........# ##@#.## .
....)....# #z#..#
... .........#
#z##.##....
##..######
#z..z.z.... #..#
#.....##.. #..#
#.##....... #... #.#
##..#(. ..# ....
##.. ##.


You could see 3 wights.

Vanquished Creatures
  A water moccasin (D:6)
  A black bear (D:6)
  An ice beast (D:5)
  A phantom (D:5)
  A bullfrog (D:6)
  2 scorpions
  A wight (D:7)
  3 jellies
  5 hounds
  Crazy Yiuf (D:2)
  A gnoll bouda (D:6)
  3 iguanas
  An orc wizard (D:6)
  4 gnolls (D:6)
  6 adders
  A white imp (D:5)
  2 ufetubi
  3 worms
  5 dart slugs
  14 orcs
  11 endoplasms
  4 giant cockroaches
  9 goblins
  8 hobgoblins
  2 jackals (D:1)
  2 quokkas
  10 ball pythons
  5 bats
  4 frilled lizards
  9 kobolds
  8 rats
129 creatures vanquished.

Vanquished Creatures (others)
  2 plants (D:2)
2 creatures vanquished.

Grand Total: 131 creatures vanquished

Notes
Turn   | Place    | Note
-------+----------+-------------------------------------------
     0 | D:1      | RascalDebosk the Minotaur Hunter began the quest for the
                  | Orb.
     0 | D:1      | Reached XP level 1. HP: 18/18 MP: 0/0
    81 | D:1      | Found Wisuoq's Antique Weapon Emporium.
   272 | D:1      | Reached skill level 1 in Stealth
   482 | D:1      | Reached XP level 2. HP: 25/25 MP: 1/1
  1289 | D:2      | Reached XP level 3. HP: 28/30 MP: 2/2
  1326 | D:2      | Reached skill level 1 in Evocations
  1820 | D:2      | Reached XP level 4. HP: 38/38 MP: 3/3
  1935 | D:2      | Found a runed translucent door.
  1936 | D:2      | Noticed Crazy Yiuf
  1944 | D:2      | Killed Crazy Yiuf
  3045 | D:3      | Found an ornate altar of the Wu Jian Council.
  3119 | D:3      | Reached XP level 5. HP: 45/45 MP: 4/4
  3165 | D:3      | Found a broken altar of Ashenzari.
  4023 | D:4      | Reached skill level 5 in Ranged Weapons
  4307 | D:4      | Found a hide-covered altar of Uskayaw.
  4612 | D:4      | Reached skill level 1 in Polearms
  4612 | D:4      | Reached XP level 6. HP: 43/52 MP: 5/5
  4783 | D:5      | Entered Level 5 of the Dungeon
  4846 | D:5      | Found a transporter.
  5023 | D:5      | Noticed BiteMe's ghost (amateur DsVM)
  5064 | D:5      | Found a transporter.
  5167 | D:5      | Noticed an ice beast
  5174 | D:5      | Killed an ice beast
  5175 | D:5      | Reached XP level 7. HP: 57/60 MP: 6/6
  5846 | D:6      | Reached skill level 5 in Fighting
  5853 | D:6      | Reached XP level 8. HP: 38/68 MP: 7/7
  6051 | D:6      | Reached skill level 6 in Ranged Weapons
  6360 | D:7      | Slain by a wight

Illustrated notes

Levels and vault maps discovered:
D:1:      mrwooster_arrival_statue, layout_basic, serial_shops,
          nicolae_shop_hallway_stairs
D:2:      layout_basic, serial_forest, infiniplex_forest_clump_large,
          infiniplex_forest_straight_3, infiniplex_forest_clump_long,
          infiniplex_forest_lined_corner, infiniplex_forest_corner_1,
          infiniplex_forest_join, uniq_crazy_yiuf_cottage
D:3:      layout_basic, mainiacjoe_overflow_paths, mainiacjoe_overflow_24_doors
D:4:      layout_loops_ring, nicolae_uskayaw_murder_on_the_dancefloor
D:5:      layout_basic, gammafunk_ghost_mausoleum
D:6:      layout_cave_pools
D:7:      layout_rooms, minmay_temple_entry_overgrown, uniq_pikel

Skill      XL: |  1  2  3  4  5  6  7  8 |
---------------+-------------------------+-----
Stealth        | 1 2 3 |  3.3
Fighting       | 3 4 5 |  5.2
Evocations     | 1 2 3 4 |  4.5
Dodging        | 3 4 |  4.7
Ranged Weapons | 5 6 |  6.0
Polearms       | 1 3 |  3.5

Action                   |  1- 3 |  4- 6 |  7- 9 || total
-------------------------+-------+-------+-------++-------
Melee: Quarterstaff      |       |     6 |       ||     6
       Demon trident     |       |    26 |    55 ||    81
       Headbutt          |       |     2 |     9 ||    11
 Fire: Shortbow          |   116 |   118 |    54 ||   288
  Use: Scroll            |       |    14 |     2 ||    16
Armor: Leather armour    |     9 |    13 |    20 ||    42
Dodge: Dodged            |    28 |    36 |    59 ||   123
